Description

자세한건 전썬유튭

Build Order

Get SALT Encoding   

  14  0:17  Supply Depot  
  15  0:29  Refinery  
  16  0:43  Barracks  
  19  1:29  Orbital Command, Marine  
  20  1:32  Factory  
  20  1:35  Supply Depot  
  20  1:47  Marine  
  22  2:01  Supply Depot  
  22  2:05  Marine  
  24  2:15  Starport, Hellion  
  27  2:23  Marine  
  28  2:37  Hellion  
  30  2:41  Marine  
  31  2:44  Command Center  
  31  2:52  Refinery, Medivac  
  33  2:58  Hellion  
  34  3:01  Marine  
  37  3:10  Supply Depot  
  38  3:20  Barracks Reactor  
  39  3:30  Barracks  
  40  3:43  Viking  
  42  3:50  Widow Mine  
  50  4:20  Orbital Command, Barracks Tech Lab  
  70  4:30  Bunker  
  80  4:50  Barracks  
  90  5:00  Stimpack  
Spawning Tool Build Advisor. Get it on Overwolf

Analysis

참조

Go to:

Details

  • Created by: Lee
  • Published on: Apr 18, 2020
  • Modified on: Apr 18, 2020
  • Patch: 4.11.0
Show
View Real Time Build Order
Export as new Build Order

Comments (0)

There are no comments. Be the first!

Create an account to comment!